[Event "Early-Titled-Tuesday-Blitz-February-20-2024"]
[Site "Chess.com"]
[Date "2024.02.20"]
[Round "6"]
[White "s-dshubin"]
[Black "C_K_G"]
[Result "1/2-1/2"]
[WhiteElo "2356"]
[BlackElo "2169"]
[TimeControl "180+1"]
[EndTime "9:12:06 PST"]
[Termination "Game drawn - insufficient material"]

1. e4 c5 2. Nf3 d6 3. d4 cxd4 4.
Nxd4 Nf6 5. Nc3 a6 6. Bg5 e6 7. f4 Nbd7 8. Qf3 Qc7 9. O-O-O b5 10. g4 Bb7 11. Bxf6 gxf6 12. g5 f5 13. exf5 Bxf3 14. Nxf3 b4 15. Ne4 Rc8 16. Bd3 Nc5 17. Nxc5 Qxc5 18.
Rhe1 Kd7 19. fxe6+ fxe6 20. f5 Bg7 21. f6 Bf8 22.
Nd4 Re8 23. Bxa6 e5 24. Bb5+ Kd8 25. Bxe8 Kxe8 26. Ne6 Qb6 27. Nf4 Kf7 28. Nd5 Qa5 29. Kb1 h6 30. h4 hxg5 31. hxg5 Rh2 32. Rg1 Qc5 33. g6+ Ke6 34. Rc1 Qc8 35. g7 Bxg7 36. fxg7 Qg8 37. Rcf1 Kxd5 38. Rf8 Qxg7 39. c4+ bxc3 40.
Rxg7 Rxb2+ 41. Ka1 Rd2 42. Rf1 Kd4 43. Rg4+ e4 44. Rc1 d5 45. Kb1 Rb2+ 46. Ka1 Kd3 47. a4 e3 48. a5 Rb5 49. Ra4 Rb8 50. Ra2 d4 51. Rd1+ Ke4 52. a6 d3 53. a7 Ra8 54. Ra4+ Kf3 55. Rxd3 c2 56. Kb2 Rc8 57.
Ra1 Ke2 58. Rxe3+ Kxe3 59. Kc1 Ra8 60. Ra4 Kd3 61. Kb2 Kd2 62. Rd4+ Ke3 63. Rd7 Rc8 64. Kc1 Ke4 65. Re7+ Kd5 66. Rb7 Ra8 67. Kxc2 Kc6 68.
Rg7 Kb6 69. Rg3 Rc8+ 70. Kb2 Ra8 71. Rb3+ Ka6 72. Ra3+ Kb7 73. Rb3+ Ka6 74. Ra3+ Kb6 75.
Rb3+ Kc7 76. Kc2 Kc6 77. Kd2 Kc7 78. Ra3 Rd8+ 79. Kc3 Ra8 80. Ra4 Kb7 81. Kc4 Rc8+ 82. Kb5 Ra8 83. Rb4 Rxa7 84. Re4 Kc7 85. Re7+ Kb8 86.
Re8+ Kb7 87. Rh8 Ra1 88. Rh7+ Kc8 89. Kc6 Rc1+ 90. Kd6 Kb8 91. Rh8+ Kb7 92. Rh7+ Kb6 93. Rh2 Rd1+ 94. Ke5 Rb1 95. Kd4 Kb5 96. Kc3 Rc1+ 97.
Kb2 Rc5 98. Rh3 Re5 99. Kb3 Rf5 100. Rd3 Re5 101. Rc3 Rf5 102. Kc2 Rg5 103. Rb3+ Kc5 104. Kb2 Rf5 105. Ka3 Rd5 106. Ka4 Rd4+ 107. Ka5 Rd5 108. Rb5+ Kd6 109. Kb6 Rxb5+ 110. Kxb5 1/2-1/2

[Event "Early-Titled-Tuesday-Blitz-February-20-2024"]
[Site "Chess.com"]
[Date "2024.02.20"]
[Round "6"]
[White "Goryachkina"]
[Black "Zohid6"]
[Result "1/2-1/2"]
[WhiteElo "2709"]
[BlackElo "2866"]
[TimeControl "180+1"]
[EndTime "9:12:09 PST"]
[Termination "Game drawn - insufficient material"]

1. e4 e5 2. Nf3 Nf6 3. Nxe5 d6 4. Nf3 Nxe4 5. Bd3 Nf6 6. O-O Be7 7. c3 O-O 8. Bc2 d5 9. d4 c5 10. h3 Nc6 11.
Be3 cxd4 12. Nxd4 Bd6 13. Nd2 Re8 14. Re1 h6 15. N2b3 Bd7 16. Nxc6 bxc6 17. Qf3 Ne4 18. Rad1 Qh4 19. Bxe4 Rxe4 20. Nc5 Bg4 21. hxg4 Qh2+ 22. Kf1 Bxc5 23. Qh3 Qd6 24. Bxc5 Rxe1+ 25. Rxe1 Qxc5 26.
Qd3 a5 27. b3 Rf8 28. Qd4 Qd6 29. Kg1 c5 30. Qe5 Qxe5 31. Rxe5 Rd8 32. Kf1 f6 33. Re7 d4 34. cxd4 Rxd4 35. Ra7 c4 36. bxc4 Rxc4 37.
Rxa5 Rxg4 38. Ra7 h5 39. g3 h4 40. gxh4 Rxh4 41. a4 Kh7 42. a5 Ra4 43. Kg2 Kh6 44.
Kg3 g5 45. Ra8 Kg7 46. Ra7+ Kg6 47. Ra6 Kf5 48. Kg2 Ra3 49. Kg1 g4 50. Kg2 Kg5 51. Rb6 Rxa5 52. Rb4 f5 53. Rc4 Re5 54. Rc8 Kf4 55.
Rc4+ Re4 56. Rc8 Rd4 57. Rb8 Rd6 58. Rb4+ Kg5 59. Rb5 Rd3 60. Ra5 Rd4 61. Rb5 Kf4 62. Ra5 Re4 63. Rb5 Re5 64. Rb4+ Kg5 65. Kg3 Re1 66.
Kg2 f4 67. Rb5+ Kh4 68. Rb8 f3+ 69. Kh2 Rf1 70. Rh8+ Kg5 71. Rg8+ Kf5 72. Rf8+ Ke4 73. Re8+ Kd3 74. Kg3 Rg1+ 75. Kf4 Rg2 76. Re7 Kd2 77. Re8 Kd1 78. Re7 Kd2 79. Re8 Kd3 80. Re7 Kd4 81. Re8 Kd5 82. Rg8 Rxf2 83. Rd8+ Ke6 84. Kxg4 Rf1 85. Kg3 Ke5 86. Re8+ Kd4 87. Re7 Kd3 88.
Re8 Kd2 89. Re7 f2 90. Kg2 Re1 91. Rd7+ Ke2 92. Re7+ Kd3 93. Rd7+ Ke3 94. Re7+ Kd4 95. Rd7+ Kc5 96. Kxf2 Re5 97. Rf7 Rd5 98. Rf3 Kc4 99. Rf4+ Rd4 100. Rxd4+ Kxd4 1/2-1/2

[Event "Early-Titled-Tuesday-Blitz-February-20-2024"]
[Site "Chess.com"]
[Date "2024.02.20"]
[Round "7"]
[White "Njal28"]
[Black "Jospem"]
[Result "1/2-1/2"]
[WhiteElo "2995"]
[BlackElo "3093"]
[TimeControl "180+1"]
[EndTime "9:13:05 PST"]
[Termination "Game drawn by repetition"]

1. d4 Nf6 2. Nf3 e6 3. c4 b6 4. g3 Bb7 5. Bg2 Bb4+ 6. Bd2 Bxd2+ 7. Qxd2 O-O 8. O-O d6 9. Qc2 Be4 10. Qd2 Bb7 11. Qc2 Be4 12. Qd2 Bb7 1/2-1/2

[Event "Early-Titled-Tuesday-Blitz-February-20-2024"]
[Site "Chess.com"]
[Date "2024.02.20"]
[Round "7"]
[White "joshdaruca"]
[Black "IriBu"]
[Result "1-0"]
[WhiteElo "2773"]
[BlackElo "2587"]
[TimeControl "180+1"]
[EndTime "9:13:59 PST"]
[Termination "joshdaruca won by resignation"]

1. b3 e5 2. Bb2 Nc6 3. Nf3 g6 4. Nxe5 Nxe5 5. Bxe5 f6 6. Bb2 Bg7 7. c4 Ne7 8. g3 O-O 9. Bg2 d6 10. O-O Be6 11. e3 c6 12. Nc3 Qd7 13. Ne2 Bg4 14.
Re1 h5 15. Qc2 Bf5 16. e4 Bh3 17. Bxh3 Qxh3 18. Nf4 g5 19. Nxh3 1-0

[Event "Early-Titled-Tuesday-Blitz-February-20-2024"]
[Site "Chess.com"]
[Date "2024.02.20"]
[Round "7"]
[White "ImportedItalianMaple"]
[Black "mjelcic"]
[Result "1-0"]
[WhiteElo "2529"]
[BlackElo "2213"]
[TimeControl "180+1"]
[EndTime "9:14:20 PST"]
[Termination "ImportedItalianMaple won by checkmate"]

1. Nf3 b6 2. e4 Bb7 3. Nc3 g6 4. d4 Bg7 5. h4 h5 6. Bg5 d6 7. Bc4 Nd7 8. Qe2 Ngf6 9. e5 dxe5 10. dxe5 Ng4 11. e6 fxe6 12. Qxe6 Nde5 13. Nxe5 Nxe5 14. Rd1 Qc8 15. Qxe7# 1-0

[Event "Early-Titled-Tuesday-Blitz-February-20-2024"]
[Site "Chess.com"]
[Date "2024.02.20"]
[Round "7"]
[White "arnash_bauyrzhan"]
[Black "manipun1"]
[Result "0-1"]
[WhiteElo "2256"]
[BlackElo "2400"]
[TimeControl "180+1"]
[EndTime "9:14:28 PST"]
[Termination "manipun1 won by resignation"]

1. e4 d6 2. d4 Nf6 3. Bd3 e5 4. Nf3 Nc6 5. d5 Ne7 6. c4 Ng6 7. Nc3 Be7 8. O-O O-O 9. Be3 Nh5 10. Nxe5 Nxe5 11. Qxh5 Nxd3 12. Rad1 Nxb2 0-1

[Event "Early-Titled-Tuesday-Blitz-February-20-2024"]
[Site "Chess.com"]
[Date "2024.02.20"]
[Round "7"]
[White "N_I_Chess"]
[Black "Sjakkerntobi"]
[Result "1-0"]
[WhiteElo "2315"]
[BlackElo "2486"]
[TimeControl "180+1"]
[EndTime "9:14:46 PST"]
[Termination "N_I_Chess won by resignation"]

1. d4 d5 2. c4 e6 3. Nc3 c6 4. Bf4 dxc4 5. a4 Bb4 6. e3 b5 7. axb5 Nf6 8. bxc6 Nd5 9. c7 Nxc7 10. Qa4+ Nc6 1-0

[Event "Early-Titled-Tuesday-Blitz-February-20-2024"]
[Site "Chess.com"]
[Date "2024.02.20"]
[Round "7"]
[White "MaxLeto"]
[Black "DarZay"]
[Result "1-0"]
[WhiteElo "2548"]
[BlackElo "2304"]
[TimeControl "180+1"]
[EndTime "9:14:50 PST"]
[Termination "MaxLeto won by resignation"]

1. g4 d5 2. Bg2 e5 3. d4 e4 4. c4 c6 5. Nc3 Bxg4 6. Qb3 b6 7. cxd5 cxd5 8. Qxd5 Qxd5 9. Nxd5 Bd6 10. Bxe4 Kd8 11.
Ne3 1-0

[Event "Early-Titled-Tuesday-Blitz-February-20-2024"]
[Site "Chess.com"]
[Date "2024.02.20"]
[Round "7"]
[White "ketster"]
[Black "LikeWater"]
[Result "1-0"]
[WhiteElo "2585"]
[BlackElo "2727"]
[TimeControl "180+1"]
[EndTime "9:15:05 PST"]
[Termination "ketster won by resignation"]

1. Nf3 g6 2. c4 d6 3. Nc3 a6 4. e4 Bg7 5. d4 Nf6 6. Be2 O-O 7.
O-O c5 8. d5 b5 9. cxb5 axb5 10. Bxb5 Ba6 11. Qe2 Bxb5 12. Nxb5 Qb6 13. a4 Nbd7 14.
Bd2 Ng4 15. Bc3 Nge5 16. Nd2 f5 17. f4 Ng4 18. Nc4 Qb7 19. Bxg7 Kxg7 20. exf5 gxf5 21.
Qxe7+ Rf7 22. Qxf7+ 1-0

[Event "Early-Titled-Tuesday-Blitz-February-20-2024"]
[Site "Chess.com"]
[Date "2024.02.20"]
[Round "7"]
[White "aldebaran52"]
[Black "Bkmzzzzz"]
[Result "0-1"]
[WhiteElo "2195"]
[BlackElo "2414"]
[TimeControl "180+1"]
[EndTime "9:15:18 PST"]
[Termination "Bkmzzzzz won by resignation"]

1. d4 d5 2. Nf3 Nf6 3. g3 e6 4. Bg2 Be7 5. O-O O-O 6. c4 dxc4 7. Nc3 Nc6 8. e4 a6 9. a4 b6 10. e5 Nd5 11. Ne4 Bb7 12. Be3 b5 13. axb5 axb5 14.
Rxa8 Qxa8 15. Qc2 Ncb4 16. Qe2 Nxe3 17. Nfg5 Nxg2 18. Qh5 Bxe4 0-1

[Event "Early-Titled-Tuesday-Blitz-February-20-2024"]
[Site "Chess.com"]
[Date "2024.02.20"]
[Round "7"]
[White "Sattarov_Bobur"]
[Black "ajedrezsinlimites"]
[Result "1-0"]
[WhiteElo "2808"]
[BlackElo "2632"]
[TimeControl "180+1"]
[EndTime "9:15:50 PST"]
[Termination "Sattarov_Bobur won by resignation"]

1. e4 c6 2. c4 d5 3. exd5 cxd5 4. cxd5 Nf6 5. Qa4+ Bd7 6. Qb3 Qc8 7. Nc3 g6 8.
d4 Bg7 9. Bf4 Nh5 10. Be5 Bxe5 11. dxe5 O-O 12. Be2 Na6 13. Bxh5 gxh5 14. Nf3 Bg4 15.
Ne4 Qf5 16. Ng3 Qf4 17. O-O Bxf3 18. Qxf3 Qxe5 19. Rae1 Qxb2 20. Rxe7 Rad8 21. Nxh5 Qd4 22. Re4 Qb2 23. Nf6+ Kg7 24. Rg4+ Kh8 25. Qf5 1-0

[Event "Early-Titled-Tuesday-Blitz-February-20-2024"]
[Site "Chess.com"]
[Date "2024.02.20"]
[Round "7"]
[White "Korchmar_Vasiliy"]
[Black "Zq1"]
[Result "1-0"]
[WhiteElo "2766"]
[BlackElo "2522"]
[TimeControl "180+1"]
[EndTime "9:15:53 PST"]
[Termination "Korchmar_Vasiliy won by resignation"]

1. e4 c5 2. d4 cxd4 3. Qxd4 Nc6 4. Qd3 g6 5. Nc3 Bg7 6. Nf3 d6 7. Be2 Bg4 8. O-O Nf6 9. Nd5 O-O 10. c3 Bxf3 11. Qxf3 e6 12. Nxf6+ Qxf6 13. Qg3 Qe7 14. Bg5 Qc7 15. Rad1 Be5 16. f4 Bg7 17. f5 Be5 18. Qh3 exf5 19. exf5 Qb6+ 20. Kh1 Qxb2 21. f6 Qxc3 22. Qh6 1-0

[Event "Early-Titled-Tuesday-Blitz-February-20-2024"]
[Site "Chess.com"]
[Date "2024.02.20"]
[Round "7"]
[White "NovozhilovSemen"]
[Black "koncheto"]
[Result "0-1"]
[WhiteElo "2641"]
[BlackElo "2431"]
[TimeControl "180+1"]
[EndTime "9:16:00 PST"]
[Termination "koncheto won by resignation"]

1. d4 Nf6 2. Nf3 e6 3. e3 c5 4. Bd3 d5 5. b3 Bd6 6. Bb2 Qc7 7. Ne5 Nc6 8. f4 O-O 9. O-O b6 10. a3 Bb7 11. Nd2 Ne7 12. c3 Ne4 13. Bxe4 dxe4 14.
Ndc4 Rfd8 15. Nxd6 Rxd6 16. Re1 f6 17. Nc4 Rd7 18. Qd2 b5 0-1

[Event "Early-Titled-Tuesday-Blitz-February-20-2024"]
[Site "Chess.com"]
[Date "2024.02.20"]
[Round "7"]
[White "ragnaroek66"]
[Black "OneTrickPony_82"]
[Result "1-0"]
[WhiteElo "2443"]
[BlackElo "2535"]
[TimeControl "180+1"]
[EndTime "9:16:09 PST"]
[Termination "ragnaroek66 won by resignation"]

1. d4 Nf6 2. c4 e6 3. Nf3 d5 4. g3 dxc4 5. Bg2 c5 6. O-O Nc6 7.
Qa4 Bd7 8. dxc5 Na5 9. Qc2 Bxc5 10. Bd2 Rc8 11. Ne5 Bb5 12. Nc3 Bc6 13. Nxc6 Nxc6 14. Rad1 O-O 15. Qa4 Qa5 16. Bxc6 1-0

[Event "Early-Titled-Tuesday-Blitz-February-20-2024"]
[Site "Chess.com"]
[Date "2024.02.20"]
[Round "7"]
[White "gpsji27"]
[Black "aistrel"]
[Result "1-0"]
[WhiteElo "2330"]
[BlackElo "2516"]
[TimeControl "180+1"]
[EndTime "9:16:14 PST"]
[Termination "gpsji27 won by resignation"]

1. d4 d5 2. Nf3 c6 3. c4 e6 4. Nc3 dxc4 5. e4 b5 6. a4 Bb4 7. axb5 cxb5 8. Bd2 Bxc3 9. Bxc3 Qe7 10. Qd2 Nc6 11.
d5 exd5 12. Qxd5 Nb4 13. Qxb5+ Bd7 14. Qxb4 Qxe4+ 15. Be2 Rc8 16. Ne5 Nf6 17. O-O Qxe2 18. Rfe1 Nd5 19. Rxe2 Nxb4 20. Bxb4 Be6 21. Rxa7 Rb8 22.
Re7+ Kd8 23. Nc6+ Kc8 24. Nxb8 Kxb8 25. g3 1-0

[Event "Early-Titled-Tuesday-Blitz-February-20-2024"]
[Site "Chess.com"]
[Date "2024.02.20"]
[Round "7"]
[White "BillCoe"]
[Black "Cubitas"]
[Result "0-1"]
[WhiteElo "2147"]
[BlackElo "2634"]
[TimeControl "180+1"]
[EndTime "9:16:21 PST"]
[Termination "Cubitas won by resignation"]

1. e4 e5 2. Nf3 Nf6 3. Nxe5 Nxe4 4. d4 d6 5. Nf3 d5 6. Bd3 Be7 7. O-O O-O 8. Re1 Bg4 9. Bxe4 dxe4 10. Rxe4 f5 11.
Re1 Nc6 12. c3 Qd5 13. Nbd2 Bd6 14. Qb3 Qxb3 15. axb3 Rae8 16. Rxe8 Rxe8 17. h3 Bh5 18. c4 b6 19. d5 Nb4 20. Rxa7 Nd3 21. Ra1 Bf4 22. g4 fxg4 23. hxg4 Bxg4 24. Kg2 Re2 25. Ra8+ Kf7 0-1

[Event "Early-Titled-Tuesday-Blitz-February-20-2024"]
[Site "Chess.com"]
[Date "2024.02.20"]
[Round "7"]
[White "TitarovVasiliYouTube"]
[Black "yuriydovzik"]
[Result "1-0"]
[WhiteElo "2528"]
[BlackElo "2160"]
[TimeControl "180+1"]
[EndTime "9:16:26 PST"]
[Termination "TitarovVasiliYouTube won by resignation"]

1. c4 Nf6 2. Nc3 e5 3. e3 Nc6 4. Nf3 d5 5. cxd5 Nxd5 6. Bb5 Nxc3 7. bxc3 Bd7 8. O-O Bd6 9. d4 exd4 10. cxd4 O-O 11. e4 Bg4 12. Be3 a6 13. Be2 Re8 14. e5 Bf8 15. Rc1 Qd7 16. h3 Bh5 17. Qb3 Rab8 18. Rfd1 b5 19. Qc2 Rbc8 20. Qxc6 1-0

[Event "Early-Titled-Tuesday-Blitz-February-20-2024"]
[Site "Chess.com"]
[Date "2024.02.20"]
[Round "7"]
[White "Kumi29"]
[Black "LyonBeast"]
[Result "0-1"]
[WhiteElo "2630"]
[BlackElo "3172"]
[TimeControl "180+1"]
[EndTime "9:16:34 PST"]
[Termination "LyonBeast won by resignation"]

1. d4 d5 2. Bg5 h6 3. Bh4 c6 4.
e3 Qb6 5. Nd2 Bf5 6. Bd3 Bxd3 7.
cxd3 e6 8. Ne2 Nd7 9. O-O Be7 10. Bxe7 Nxe7 11. f4 Nf5 12. Rf3 a5 13. g4 Nd6 14.
f5 exf5 15. gxf5 Nf6 16. Kh1 O-O 17. b3 Rae8 18. Qg1 Qa6 19. Nf4 Nxf5 20. Nh5 Nxh5 21. Rxf5 Qxd3 22. Rxh5 Qxd2 23. Rh3 Re6 24. Rg3 Rg6 25.
Rxg6 fxg6 26. Qxg6 Qxe3 27. Qd6 Rf2 28. Qg3 Qxg3 29.
hxg3 Rd2 30. Re1 Rxd4 31. Re7 Rb4 32. Kg2 Kh7 33. Kf3 a4 34. bxa4 Rxa4 35. Rxb7 Rxa2 36.
Kg4 Rf2 37. Rc7 Rf6 38. Kh5 Rd6 39. g4 d4 40. g5 hxg5 41. Kxg5 d3 0-1

[Event "Early-Titled-Tuesday-Blitz-February-20-2024"]
[Site "Chess.com"]
[Date "2024.02.20"]
[Round "7"]
[White "Actuary44"]
[Black "Joachim100x"]
[Result "1-0"]
[WhiteElo "2512"]
[BlackElo "2291"]
[TimeControl "180+1"]
[EndTime "9:16:34 PST"]
[Termination "Actuary44 won by resignation"]

1. e4 c5 2. d4 cxd4 3. c3 Nf6 4.
Bd3 Nc6 5. f4 e5 6. Nf3 d6 7. cxd4 Nxd4 8. Nxd4 exd4 9. O-O Be7 10.
Kh1 O-O 11. h3 d5 12. e5 Ne4 13. Qe1 Bh4 14. Qd1 Ng3+ 15. Kh2 Nxf1+ 16. Qxf1 f5 17. Nd2 Be6 18. Nf3 Rc8 19. Nxd4 Qe7 20. g3 Bxg3+ 21. Kxg3 g5 22. fxg5 f4+ 23. Bxf4 Rxf4 24.
Qxf4 Rf8 25. Qh4 Rf7 26. Rf1 Rg7 27. g6 Qd7 28. Qf6 hxg6 29. Qxe6+ 1-0

[Event "Early-Titled-Tuesday-Blitz-February-20-2024"]
[Site "Chess.com"]
[Date "2024.02.20"]
[Round "7"]
[White "zurzan"]
[Black "Der_Balak_3Halak"]
[Result "0-1"]
[WhiteElo "2084"]
[BlackElo "2444"]
[TimeControl "180+1"]
[EndTime "9:16:41 PST"]
[Termination "Der_Balak_3Halak won by resignation"]

1. c4 e6 2. e4 d5 3. cxd5 exd5 4. exd5 Nf6 5. Bb5+ Bd7 6. Bxd7+ Nbxd7 7. Nc3 Nb6 8. Nf3 Be7 9. O-O O-O 10. d4 Nbxd5 11.
Ne5 c6 12. Bg5 h6 13. Bh4 Re8 14. Re1 Qb6 15. Bxf6 Nxf6 16. Na4 Qa5 17. Qb3 Qd5 18. Qxd5 Nxd5 19. Nc5 Nb4 20. Rec1 Bxc5 21. Rxc5 Rad8 22. a3 Nd5 23. Ra5 a6 24. Rc1 Nf4 25. Nf3 Ne2+ 0-1

[Event "Early-Titled-Tuesday-Blitz-February-20-2024"]
[Site "Chess.com"]
[Date "2024.02.20"]
[Round "7"]
[White "artooon"]
[Black "MatthewG-p4p"]
[Result "1/2-1/2"]
[WhiteElo "3048"]
[BlackElo "2895"]
[TimeControl "180+1"]
[EndTime "9:16:44 PST"]
[Termination "Game drawn by repetition"]

1. e4 e6 2. d4 d5 3. Nd2 a6 4. Ngf3 Nf6 5. e5 Nfd7 6. c3 c5 7. Bd3 Nc6 8. O-O g5 9. dxc5 g4 10. Nd4 Ndxe5 11. Bc2 Bxc5 12. f4 Nxd4 13. cxd4 Bxd4+ 14.
Kh1 Nc6 15. Nb3 Bb6 16. Qxg4 Qf6 17. f5 e5 18. Qh5 Rg8 19. Qxh7 Rh8 20. Bg5 Rxh7 21.
Bxf6 Rh6 22. Bg7 Rh7 23. Bf6 Rh6 24. Bg7 Rh7 25. Bf6 1/2-1/2

[Event "Early-Titled-Tuesday-Blitz-February-20-2024"]
[Site "Chess.com"]
[Date "2024.02.20"]
[Round "7"]
[White "Ezov"]
[Black "BallottiLuca"]
[Result "0-1"]
[WhiteElo "2167"]
[BlackElo "2394"]
[TimeControl "180+1"]
[EndTime "9:16:50 PST"]
[Termination "BallottiLuca won by resignation"]

1. d4 Nf6 2. Nc3 d5 3. Bf4 e6 4. Qd2 c5 5. e3 a6 6. O-O-O Nc6 7. f3 Bd6 8. Nh3 O-O 9. g4 b5 10. g5 Nh5 11. Bxd6 Qxd6 12. dxc5 Qxc5 13. Nf4 Nxf4 14. exf4 Bb7 15. Bd3 Nb4 16. h4 Nxd3+ 17. Qxd3 b4 18. Ne2 a5 19. h5 Ba6 20. Qd2 Rac8 21. Nd4 a4 22. h6 g6 23. Qe3 Rfd8 24. Qe5 Qf8 25.
Rd3 Bxd3 0-1

[Event "Early-Titled-Tuesday-Blitz-February-20-2024"]
[Site "Chess.com"]
[Date "2024.02.20"]
[Round "7"]
[White "pirulillo"]
[Black "NaciSAN"]
[Result "0-1"]
[WhiteElo "2216"]
[BlackElo "2083"]
[TimeControl "180+1"]
[EndTime "9:16:58 PST"]
[Termination "NaciSAN won on time"]

1. e4 e6 2. d3 d5 3. Nd2 Nf6 4. Ngf3 Nc6 5. c3 e5 6. Be2 a5 7. a4 Bc5 8. O-O O-O 9. exd5 Nxd5 10. Nc4 Re8 11. Qc2 h6 12. Re1 Bf5 13. Bf1 f6 0-1

[Event "Early-Titled-Tuesday-Blitz-February-20-2024"]
[Site "Chess.com"]
[Date "2024.02.20"]
[Round "7"]
[White "HittingRookBottom"]
[Black "Chesstiger64"]
[Result "0-1"]
[WhiteElo "2027"]
[BlackElo "2314"]
[TimeControl "180+1"]
[EndTime "9:17:14 PST"]
[Termination "Chesstiger64 won by resignation"]

1. e4 e6 2. Nf3 d5 3. exd5 exd5 4.
d4 Bd6 5. Bd3 Ne7 6. O-O Nbc6 7.
h3 Bf5 8. Bxf5 Nxf5 9. Re1+ Nfe7 10. Bg5 f6 11. Be3 Qd7 12. Nc3 O-O-O 13. a3 g5 14. Nb5 h5 15. Nxd6+ Qxd6 16. Nh2 Rdg8 17.
g3 f5 18. Bd2 f4 19. g4 hxg4 20. Qxg4+ Kb8 21. c3 Rh4 22. Qf3 Rgh8 23. Kg2 Qd7 24. Ng4 Ng6 25. Rh1 Nce7 26. Rae1 Nf5 27. Ne5 Nxe5 28. Rxe5 g4 29. Qe2 f3+ 0-1

[Event "Early-Titled-Tuesday-Blitz-February-20-2024"]
[Site "Chess.com"]
[Date "2024.02.20"]
[Round "7"]
[White "Zhigalko_Sergei"]
[Black "HamedWafa4"]
[Result "1-0"]
[WhiteElo "2927"]
[BlackElo "2717"]
[TimeControl "180+1"]
[EndTime "9:17:15 PST"]
[Termination "Zhigalko_Sergei won by checkmate"]

1. e4 e5 2. Nf3 d6 3. d4 Nd7 4. Bc4 Ngf6 5. dxe5 Nxe4 6. Qd5 Qe7 7. Qxe4 dxe5 8.
O-O f6 9. Be3 Nc5 10. Bxc5 Qxc5 11. Nc3 c6 12. Rad1 Bd7 13. Bf7+ Kxf7 14. Rxd7+ Be7 15.
Rxb7 Rab8 16. Rxb8 Rxb8 17. Qxh7 Rxb2 18. Na4 Qxc2 19.
Qh5+ Kf8 20. Nxb2 Qxb2 21. a4 c5 22. Nh4 Kg8 23. Qe8+ Bf8 24. Ng6 Kh7 25. Nxf8+ Kh6 26. Qg6# 1-0

[Event "Early-Titled-Tuesday-Blitz-February-20-2024"]
[Site "Chess.com"]
[Date "2024.02.20"]
[Round "7"]
[White "zajka-molotok"]
[Black "Kostya0705"]
[Result "1-0"]
[WhiteElo "2513"]
[BlackElo "2605"]
[TimeControl "180+1"]
[EndTime "9:17:16 PST"]
[Termination "zajka-molotok won by resignation"]

1. e4 c5 2. Nf3 e6 3. d4 cxd4 4. Nxd4 Nc6 5. Nc3 Qc7 6. g3 a6 7. Bg2 Nf6 8. O-O Nxd4 9. Qxd4 Bc5 10. Bf4 d6 11. Qd3 O-O 12. Rad1 e5 13. Bg5 Be6 14.
Bxf6 gxf6 15. Nd5 Bxd5 16. Qxd5 Rac8 17. Bh3 Rcd8 18. Bf5 Kh8 19. c3 Rg8 20. Kh1 Qb6 21. Qxf7 Rg7 22. Qxf6 Rg8 23. Rd2 Qb5 24. Kg2 Qc4 25.
Rfd1 b5 26. b4 Ba7 27. Rxd6 Qe2 28. R1d2 Qh5 29. Rd7 1-0

[Event "Early-Titled-Tuesday-Blitz-February-20-2024"]
[Site "Chess.com"]
[Date "2024.02.20"]
[Round "7"]
[White "dianamirza"]
[Black "cristiano78"]
[Result "1-0"]
[WhiteElo "1997"]
[BlackElo "2259"]
[TimeControl "180+1"]
[EndTime "9:17:25 PST"]
[Termination "dianamirza won by resignation"]

1. e4 c5 2. Nf3 d6 3. d4 cxd4 4. Nxd4 Nf6 5. Nc3 g6 6. Be3 Bg7 7. Qd2 O-O 8. f3 Nc6 9. Bc4 Bd7 10. g4 Rc8 11. Bb3 Ne5 12. h4 Rxc3 13. Qxc3 Nxf3+ 14. Nxf3 Nxe4 15. Qd3 Bc6 16. Nd4 Nc5 17. Qf1 Bxh1 18.
Qxh1 Qa5+ 19. Kd1 Nxb3 20. Nxb3 Qe5 21. Bd4 Qf4 22. Bxg7 Qxg4+ 23. Kd2 Kxg7 24. Re1 e5 25. Qxb7 Qxh4 26. Qxa7 Qf4+ 27. Qe3 Qxe3+ 28. Rxe3 f5 29. a4 d5 30. Nc5 Kf6 31. Nd7+ Kf7 32. Nxf8 Kxf8 33.
Rxe5 1-0

[Event "Early-Titled-Tuesday-Blitz-February-20-2024"]
[Site "Chess.com"]
[Date "2024.02.20"]
[Round "7"]
[White "Kapitan_Bayan"]
[Black "Dacean99"]
[Result "0-1"]
[WhiteElo "2350"]
[BlackElo "2570"]
[TimeControl "180+1"]
[EndTime "9:17:30 PST"]
[Termination "Dacean99 won by checkmate"]

1. e4 c5 2. Nf3 d6 3. d4 cxd4 4.
Nxd4 Nf6 5. f3 e5 6. Nb5 a6 7.
N5a3 Be7 8. c4 O-O 9. Nc3 Nc6 10. Be3 Be6 11. Be2 Rc8 12. Rc1 Qd7 13. O-O Rfe8 14.
Qd2 Bd8 15. Rfd1 Bc7 16. Nd5 Bxd5 17. cxd5 Ne7 18. Nc4 Qa4 19. b3 Qd7 20. Nb6 Bxb6 21.
Bxb6 Rxc1 22. Rxc1 Rc8 23. a4 Nh5 24. g3 g6 25. Kg2 f5 26. Rc3 Nf6 27. Bd3 fxe4 28. Bxe4 Nxe4 29. fxe4 Rf8 30. Rc7 Qg4 31. Rxe7 Qxe4+ 32. Kg1 Qb1+ 33. Kg2 Qf1# 0-1

[Event "Early-Titled-Tuesday-Blitz-February-20-2024"]
[Site "Chess.com"]
[Date "2024.02.20"]
[Round "7"]
[White "Chess4always"]
[Black "EdmundPlayer"]
[Result "0-1"]
[WhiteElo "1984"]
[BlackElo "2281"]
[TimeControl "180+1"]
[EndTime "9:17:30 PST"]
[Termination "EdmundPlayer won by resignation"]

1. d4 d5 2. Nf3 Nf6 3. Bf4 c5 4. c3 Nc6 5. e3 Qb6 6. Qb3 c4 7. Qxb6 axb6 8. Be2 b5 9. Nbd2 Bf5 10. a3 b4 11. O-O bxa3 12. Rxa3 Rxa3 13. bxa3 e6 14. a4 Ba3 15. Nh4 Bc2 16. Ra1 Be7 17. Nhf3 O-O 18.
Ne5 Nxe5 19. Bxe5 Nd7 20. Bg3 Ra8 21. a5 Bd8 22. Ra2 Bg6 23. e4 Rxa5 24. Rb2 b6 25.
exd5 exd5 26. Bg4 Nf6 27. Bf3 Ra1+ 28. Nf1 Bd3 29. Re2 Ne4 30. Bf4 Bxe2 31. Bxe2 Nxc3 32.
Bf3 Ne4 33. g3 c3 34. Kg2 c2 0-1

[Event "Early-Titled-Tuesday-Blitz-February-20-2024"]
[Site "Chess.com"]
[Date "2024.02.20"]
[Round "7"]
[White "stratacticos"]
[Black "bulletteemo"]
[Result "0-1"]
[WhiteElo "1993"]
[BlackElo "2567"]
[TimeControl "180+1"]
[EndTime "9:17:31 PST"]
[Termination "bulletteemo won by resignation"]

1. e4 c5 2. Nf3 d6 3. Bb5+ Bd7 4. Bxd7+ Nxd7 5. O-O Ngf6 6. Nc3 g6 7. d4 cxd4 8.
Nxd4 Bg7 9. Bg5 O-O 10. Qd2 Rc8 11. Bh6 a6 12. Bxg7 Kxg7 13. Rad1 b5 14. a3 Ne5 15. f4 Nc4 16. Qc1 Qb6 17. Kh1 e5 18. Nf3 Ne3 19.
fxe5 dxe5 20. Nxe5 Nxd1 21. Qxd1 Qe6 22. Nf3 Rfd8 23.
Qe2 h6 24. h3 Rc4 25. Nd2 Rcd4 26. Nb3 Nxe4 27. Nxd4 Ng3+ 28. Kh2 Qxe2 29. Ndxe2 Nxf1+ 30. Kg1 Ne3 31. Kf2 Nxc2 32. g4 b4 33. axb4 Nxb4 0-1

[Event "Early-Titled-Tuesday-Blitz-February-20-2024"]
[Site "Chess.com"]
[Date "2024.02.20"]
[Round "7"]
[White "LionTheLeon_06"]
[Black "wqws"]
[Result "1-0"]
[WhiteElo "2879"]
[BlackElo "2674"]
[TimeControl "180+1"]
[EndTime "9:17:38 PST"]
[Termination "LionTheLeon_06 won by resignation"]

1. c4 Nf6 2. Nf3 g6 3. b3 Bg7 4. Bb2 O-O 5. g3 b6 6. Bg2 Bb7 7. O-O c5 8. d4 d6 9. d5 Nbd7 10. Nc3 Ng4 11. Qc2 Nde5 12. Rad1 Nxf3+ 13. exf3 Nf6 14. Rfe1 h5 15. f4 Bc8 16. Ne4 Bf5 17. Qd2 a5 18. a4 Qd7 19. Ng5 Rae8 20. Re3 Nh7 21. Bxg7 Kxg7 22. Qb2+ Kg8 23. Nf3 e6 24.
Nh4 exd5 25. Rxe8 Rxe8 26. Bxd5 Bg4 27. Nxg6 Re5 28. fxe5 Bxd1 1-0